Unix NetHack Version 3.7.0-80 Work-in-progress - last build Mar 27 2023 22:19:57 (84ec4a96b1085377d1623a66bb533b5851a641e4,branch:master). Game began 2023-03-30 19:47:09, ended 2023-03-31 23:48:03. Zega, chaotic female elven Wizard 4 --------- 5 5|D...a..| ----- |3....a.| ..%| 5|.aa@...| ---------.%-- |...aaa.|54 |.......|...-- |a.@a...| |.......|....--- | ----a---- | |..._...%%%..%+...... |.....1.4.5%4.| |......%|..%%---%.% .. ---.4..%5...--- |.......|...-- --.%... -----a----- ---------..-- ----%- 4 1)1 ....| ------...------- 3 5$1 2 ------ |..............| . |.. ....%.....%- & |............%..- .@. ...........----%- .............@. -------------- Zega the Enchantress St:18 Dx:22 Co:13 In:20 Wi:20 Ch:11 Chaotic S:1093214 Astral Plane $:0 HP:21(278) Pw:45(224) AC:-31 Xp:15/215498 T:45274 Latest messages: The soldier ant misses! Famine moves the priest of Thoth out of the way! The high priestess of Anhur hits! The high priestess of Anhur kicks! The high priestess of Anhur casts a spell at you! A sudden geyser slams into you from nowhere! You die... But wait... Your medallion feels warm! You feel much better! The medallion crumbles to dust! The high priestess of Anhur hits! The high priestess of Anhur kicks! You hear a mumbled curse. The high priestess of Anhur hits! The high priestess of Anhur kicks! You hear a mumbled curse. The high priestess of Anhur hits! The high priestess of Anhur kicks! You survived that attempt on your life. What do you want to put on? [bhoBEFLQXY or ?*] ? o - an uncursed amulet of life saving (being worn). Pestilence moves the priest of Moloch out of the way! The high priestess of Anhur hits! The high priestess of Anhur kicks! You hear a mumbled curse. You hear a mumbled curse. The high priestess of Anhur hits! The high priestess of Anhur kicks! You hear a mumbled curse. You hear a mumbled curse. You try to feel what is lying here on the altar. There is a high altar to Anhur (chaotic) here. You feel no objects here. You hear an Angel of Moloch reading a scroll of create monster. A quantum mechanic suddenly appears! What do you want to use or apply? [bcegimqsvzDHKPTV or ?*] s You can see again. What do you want to sacrifice? [E or ?*] ? You offer the Amulet of Yendor to Anhur... An invisible choir sings, and you are bathed in radiance... The voice of Anhur booms: "Mortal, thou hast done well!" "In return for thy service, I grant thee the gift of Immortality!" You ascend to the status of Demigoddess... Do you want your possessions identified? [ynq] (y) y Do you want to see your attributes? [ynq] (y) y Do you want an account of creatures vanquished? [ynaq] (y) y Do you want a list of species genocided? [ynq] (y) y Do you want to see your conduct and achievements? [ynq] (y) y Do you want to see the dungeon overview? [ynq] (y) y Inventory: Amulets o - an uncursed amulet of life saving (being worn) Y - an uncursed amulet of magical breathing h - the blessed Eye of the Aethiopica Weapons w - the rustproof +6 Magicbane (weapon in hand) Armor G - a blessed fireproof +6 elven leather helm (being worn) J - a blessed fireproof +4 pair of gauntlets of dexterity (being worn) k - a blessed fireproof +4 pair of speed boots (being worn) p - an uncursed +0 pair of water walking boots R - a blessed fireproof +4 robe (being worn) f - a blessed +4 silver dragon scale mail (being worn) Comestibles n - an uncursed partly eaten food ration a - an uncursed tin of candied pit viper meat I - an uncursed lizard corpse Scrolls Z - 3 blessed scrolls of blank paper Potions j - an uncursed potion of water Rings L - an uncursed ring of cold resistance X - an uncursed ring of cold resistance u - an uncursed ring of conflict (on right hand) Q - an uncursed ring of free action N - an uncursed ring of slow digestion (on left hand) B - an uncursed ring of teleport control F - an uncursed ring of teleport control Wands z - a wand of digging (0:5) P - a wand of digging (0:5) D - a wand of digging (0:2) v - a wand of digging (0:1) T - a wand of sleep (0:8) V - a wand of teleportation (0:1) c - a wand of teleportation (0:0) Tools i - a blessed bag of holding containing 41 items e - an uncursed bugle H - the Bell of Opening (0:1) b - an uncursed blindfold g - a blessed magic marker (0:6) m - a blessed magic marker (1:0) K - an uncursed magic whistle q - an uncursed skeleton key s - a blessed +0 unicorn horn Gems/Stones y - a blessed luckstone Contents of the bag of holding: an uncursed amulet of reflection an uncursed kebab 2 uncursed food rations 2 uncursed food rations an uncursed lizard corpse a blessed scroll of blank paper 4 blessed scrolls of blank paper an uncursed scroll of blank paper 2 uncursed scrolls of blank paper an uncursed scroll of blank paper 2 uncursed scrolls of blank paper an uncursed scroll of blank paper 2 uncursed scrolls of blank paper a cursed scroll of blank paper a cursed scroll of blank paper a cursed scroll of blank paper a cursed scroll of blank paper a blessed spellbook of blank paper a blessed spellbook of blank paper an uncursed spellbook of blank paper an uncursed spellbook of blank paper an uncursed spellbook of blank paper an uncursed spellbook of blank paper an uncursed spellbook of blank paper an uncursed spellbook of blank paper an uncursed spellbook of blank paper an uncursed spellbook of blank paper an uncursed spellbook of blank paper an uncursed spellbook of blank paper 3 potions of holy water a wand of light (0:12) a wand of lightning (1:1) a wand of lightning (0:0) a wand of magic missile (0:7) a wand of magic missile (0:5) a wand of make invisible (0:2) a wand of make invisible (2:0) a wand of polymorph (1:0) a wand of sleep (0:7) a thoroughly rusty +0 pick-axe 5 uncursed tallow candles Zega the Wizard's attributes: Background: You were an Enchantress, a level 15 female elven Wizard. You were chaotic, on a mission for Anhur who was opposed by Ptah (lawful) and Thoth (neutral). You were in the endgame, on the Astral Plane. You entered the dungeon 45274 turns ago. It was nighttime. You had 215498 experience points, 104502 more were needed to attain level 16. Your score was 1093214 before end-of-game adjustments. Basics: You had 21 out of 278 hit points. You had 45 out of 224 energy points (spell power). Your armor class was -31. Your wallet was empty. Autopickup was off. Final Characteristics: Your strength was 18 (limit:18). Your dexterity was 22 (base:18, innate limit:18). Your constitution was 13 (peak:16, limit:16). Your intelligence was 20 (limit:20). Your wisdom was 20 (limit:20). Your charisma was 11 (limit:18). Final Status: You were not hungry. You were unencumbered. You were wielding a dagger. You had expert skill with dagger. Final Attributes: You were piously aligned. You were magic-protected. You were fire resistant. You were sleep resistant. You were shock resistant. You were poison resistant. You saw invisible. You were telepathic. You were warned. You had infravision. You were invisible to others. You caused conflict. You had slower digestion. You had a small defense bonus (+5). You were guarded. You took half spell damage. You were very fast. You had reflection. Your life would have been saved. You were lucky. You had extra luck. Good luck did not time out for you. You survived after being killed thrice. Miscellaneous: You disabled loading of bones levels. Total elapsed playing time was 14 hours, 44 minutes and 54 seconds. Major events: Turn 1: Zega the chaotic female elven Wizard entered the dungeon 472: found Giantslayer in a shop 954: attained the rank of Conjurer (level 3) 1195: entered the Gnomish Mines 2736: entered Sokoban 3646: attained the rank of Thaumaturge (level 6) 4303: completed 1st Sokoban level 4901: completed 2nd Sokoban level 5291: completed 3rd Sokoban level 6055: completed 4th Sokoban level 6401: acquired the Sokoban amulet of reflection 9219: performed her first genocide (class L) 9219: genocided class h 10871: attained the rank of Magician (level 10) 17421: was bestowed with Magicbane by Anhur 18775: made her first wish - "blessed greased fixed +2 silver dragon scale mail", got "a greased silver dragon scale mail" 21239: killed Medusa 24429: wished for "blessed spellbook of identify", got "a light brown spellbook" 24556: wished for "blessed magic marker", got "a magic marker" 24561: wished for "blessed greased fixed bag of holding", got "a greased bag" 27394: attained the rank of Enchantress (level 14) 29302: killed the invisible Dark One 29302: found the Eye of the Aethiopica carried by a monster 29303: acquired the Bell of Opening 30121: wished for "blessed marker", got "a magic marker" 32717: entered Gehennom 33526: killed Juiblex 34100: bribed Asmodeus with 527 zorkmids for safe passage 34299: bribed Baalzebub with 1333 zorkmids for safe passage 34790: destroyed Vlad the Impaler 34791: acquired the Candelabrum of Invocation 35172: wished for "marker", got "a magic marker" 39250: killed the invisible Orcus 39333: killed Yeenoghu 40215: wished for "marker", got "a magic marker" 41347: killed the Wizard of Yendor 41352: acquired the Book of the Dead 41628: performed the invocation 41735: killed the high priest of Moloch 41737: acquired The Amulet of Yendor 42336: killed the Wizard of Yendor (2nd time) 42499: killed the Wizard of Yendor (3rd time) 44033: entered the Elemental Planes 44033: entered Plane of Earth 44078: entered Plane of Air 44400: found Sunsword carried by a monster 44468: entered Plane of Fire 44533: entered Plane of Water 45136: entered the Astral Plane 45145: killed Famine 45234: averted death (killed by Famine) 45251: averted death (killed by Pestilence) 45254: killed Pestilence 45271: averted death (killed by the high priestess of Anhur) 45274: ascended Vanquished creatures: Orcus Yeenoghu Juiblex the Wizard of Yendor (4 times) Pestilence Famine Vlad the Impaler a high cleric 3 mastodons Medusa 9 krakens 2 iron golems a ki-rin a storm giant 4 glass golems 4 balrogs 6 purple worms a gray dragon 4 silver dragons 7 red dragons an orange dragon a black dragon 4 blue dragons 2 green dragons 3 yellow dragons 20 minotaurs 3 jabberwocks the Dark One 6 baluchitheria 2 Angels 4 stone golems 7 Olog-hai 3 Nazgul 5 pit fiends 2 sandestins 3 hell hounds 3 displacer beasts 7 titanotheres 5 trappers 3 baby yellow dragons 5 guardian nagas 2 genetic engineers 4 disenchanters 21 vampire leaders 5 shopkeepers 2 prisoners 12 aligned clerics 6 captains 5 shades 2 clay golems 5 nurses 10 ice devils 4 nalfeshnees 5 lurkers above 5 Aleaxes 4 ettins a golden naga 9 black puddings 20 vampires 10 lieutenants a watch captain 30 ghosts a rogue a wizard 3 winged gargoyles 9 giant mimics 3 long worms 8 zruties 3 fire giants 4 ogre tyrants 2 ice trolls 5 rock trolls 7 umber hulks 8 elven monarchs 4 doppelgangers 2 hezrous 10 bone devils 9 large mimics 3 wumpuses 3 fire vortices 5 couatls 16 stalkers 15 air elementals 5 fire elementals 2 earth elementals 5 water elementals 2 hill giants 3 giant mummies 2 black nagas 11 xorns 15 giant zombies 4 elf-nobles 12 sergeants 6 barbed devils 12 vrocks 2 salamanders 5 wargs a winter wolf 8 hell hound pups 18 small mimics a glass piercer 6 warhorses 10 steam vortices 7 xans 2 ettin mummies 2 ogre leaders 9 quantum mechanics 16 trolls a sasquatch a wood golem an erinys 5 mariliths 2 djinn 4 sharks 5 electric eels 4 gelatinous cubes 3 pyrolisks 3 large dogs 2 freezing spheres 9 flaming spheres 3 shocking spheres 3 large cats 5 tigers 4 gargoyles a dwarf ruler 6 tengu 8 ochre jellies 7 leocrottas 11 energy vortices 6 mountain centaurs a stone giant 4 elf mummies 5 human mummies 4 red nagas 2 green slimes a python 3 pit vipers 2 cobras 45 wraiths 7 carnivorous apes 15 ettin zombies 4 leather golems 4 Grey-elves 83 soldiers 4 watchmen 8 amorous demons 9 horned devils 7 chameleons 23 giant beetles 5 quivering blobs 26 cockatrices 11 wolves 5 winter wolf cubs 4 lynxes 2 panthers a gremlin a spotted jelly 16 leprechauns an orc-captain 6 iron piercers 3 mumakil 11 giant spiders 8 scorpions 4 horses 2 ice vortices 6 black lights 48 vampire bats 4 forest centaurs 3 gnome rulers 3 orc mummies 4 dwarf mummies 2 ogres 2 brown puddings 8 rust monsters 13 owlbears a gold golem 4 werewolves 6 Green-elves 5 piranha 14 giant eels 7 lizards 3 chickatrices a dingo a dog 2 housecats 3 jaguars 3 dwarf leaders 6 blue jellies 6 white unicorns 8 dust vortices 10 ravens 2 plains centaurs 7 gnome mummies 4 snakes 9 apes 28 human zombies 4 rope golems 5 Woodland-elves 22 soldier ants 6 fire ants 4 imps 3 lemures 11 quasits 6 wood nymphs 5 mountain nymphs 7 Uruk-hai 4 rock piercers 2 rock moles 3 ponies 5 fog clouds 7 yellow lights 2 shriekers 5 violet fungi 17 gnome leaders 9 gnomish wizards 3 kobold mummies 2 black naga hatchlings 5 gray oozes 2 barrow wights 15 elf zombies 15 ghouls 2 straw golems a paper golem a jellyfish a baby crocodile 31 giant ants 2 little dogs 14 floating eyes 2 kittens 7 dwarves 13 homunculi 2 kobold leaders a kobold shaman 12 hill orcs 6 rothes 2 rabid rats a centipede 17 giant bats a Kop Sergeant 3 monkeys 18 orc zombies 10 dwarf zombies a wererat a werejackal 10 iguanas 39 killer bees 14 acid blobs 4 coyotes 2 gas spores 2 hobbits 15 manes 6 hobgoblins 7 giant rats 9 cave spiders 3 brown molds 4 yellow molds 3 green molds 2 red molds 31 gnomes 3 garter snakes 13 gnome zombies 6 geckos 17 jackals 2 foxes 3 kobolds 3 goblins 2 sewer rats 5 grid bugs 8 bats 5 lichens 18 kobold zombies 13 newts 1815 creatures vanquished. Genocided species: hobbits dwarves bugbears dwarf leaders dwarf rulers mind flayers master mind flayers liches demiliches master liches arch-liches 11 species genocided. Voluntary challenges: You read items or engraved 180 times. You engraved Elbereth 12 times. You genocided 11 types of monsters. You never changed form. You used 7 wishes. You did not wish for any artifacts. You violated the special Sokoban rules thrice. Achievements: You entered a shop. You attained the rank of Conjurer. You entered the Gnomish Mines. You entered Sokoban. You attained the rank of Thaumaturge. You completed Sokoban. You entered a temple. You attained the rank of Magician. You defeated Medusa. You learned the tune to open and close the Castle's drawbridge. You attained the rank of Enchantress. You had the Bell of Opening. You entered Gehennom. You handled the Candelabrum of Invocation. You handled the Book of the Dead. You gained access to Moloch's Sanctum. You reached the Elemental Planes. You reached the Astral Plane. You delivered the Amulet of Yendor. You ascended! The Elemental Planes: Astral Plane: <- You are here. Some temples. Plane of Water: Plane of Fire: Plane of Air: Plane of Earth: The Dungeons of Doom: levels 1 to 29 Level 1: A fountain. One way stairs up to The Elemental Planes. Level 2: An untended shop, a fountain. Level 3: "teleport engrave" A fountain. Level 4: A fountain. Stairs down to The Gnomish Mines. Level 5: Many fountains. Level 6: "vault1" An altar to Anhur, a fountain, a grave. Stairs up to Sokoban, level 5. Level 7: Level 8: "SoF and fireball book" Some fountains, a grave. Level 9: "stash1" A grave. Level 10: Level 11: An altar. Level 12: "glass orb" A grave. Portal to The Quest. Level 13: Level 14: "water walking boots" An altar. Level 15: A primitive area. Level 16: A fountain. Level 17: A fountain, some graves. Level 18: Some fountains. Level 19: Level 20: A sink. Level 21: An altar. Level 22: A fountain. Level 23: A fountain. Level 24: An altar. Level 25: Level 26: A fountain, a grave. Level 27: "STASH2" A sink. Level 28: A fountain, many trees. Level 29: A fountain. The castle. Connection to Gehennom. Gehennom: levels 30 to 49 Level 30: A temple, many graves. Valley of the Dead. Level 31: Level 32: Level 33: A fountain. Level 34: Level 35: Level 36: Level 37: Level 38: Level 39: Level 40: Stairs up to Vlad's Tower, level 39. Level 41: "wiz" Level 42: Level 43: "orc/yen" Level 44: Some shops, an altar, many graves. Level 45: Level 46: Level 47: Level 48: Level 49: A temple, many graves. Moloch's Sanctum. The Gnomish Mines: levels 5 to 12 Level 5: Level 6: Level 7: Many shops, a temple, a fountain. Level 8: Level 9: Level 10: Level 11: Level 12: Some fountains. The Quest: levels 1 to 6 Level 1: A throne. Completed quest for Neferet the Green. Level 2: Level 3: Level 4: Level 5: Level 6: A temple. Sokoban: levels 5 up to 2 Level 2: Solved. Level 3: Solved. Level 4: Solved. Level 5: Solved. Vlad's Tower: levels 39 up to 37 Level 37: Level 38: Level 39: Goodbye Zega the Demigoddess... You went to your reward with 2218128 points, The Eye of the Aethiopica (worth 4000 zorkmids and 10000 points) Magicbane (worth 3500 zorkmids and 8750 points) The Bell of Opening (worth 5000 zorkmids and 12500 points) 1 amulet of life saving (worth 150 zorkmids), 1 amulet of reflection (worth 150 zorkmids), 1 amulet of magical breathing (worth 150 zorkmids), and 0 pieces of gold, after 45274 moves. You were level 15 with a maximum of 278 hit points when you ascended.